 Dungeon Crawl Stone Soup version 0.22-a0-587-g7d32d7c (webtiles) character file.

3214 Hebeh the Skirmisher (level 9, -4/80 HPs)
             Began as a Minotaur Fighter on July 4, 2018.
             Was a Follower of Trog.
             Slain by a thrashing horror (5 damage)
             ... on level 1 of the Abyss.
             The game lasted 00:22:55 (7823 turns).

Hebeh the Skirmisher (Minotaur Fighter)             Turns: 7823, Time: 00:22:56

Health: -4/80      AC: 19    Str: 23    XL:     9   Next: 65%
Magic:  0/10       EV:  6    Int:  5    God:    Trog [*.....]
Gold:   424        SH: 11    Dex: 11    Spells: 8/8 levels left

rFire    + + .     SeeInvis .   J - +1 flail (protect)
rCold    x . .     Gourm    .   c - +0 shield
rNeg     . . .     Faith    .   F - +6 chain mail of the Arcane {rF+}
rPois    .         Spirit   +   (helmet restricted)
rElec    .         Reflect  .   (no cloak)
rCorr    .         Harm     .   H - +0 pair of gloves
MR       .....                  s - +0 pair of boots {Fly}
Stlth    ..........             E - amulet of guardian spirit
HPRegen  0.23/turn              x - ring of fire
MPRegen  0.12/turn              (no ring)

@: no status effects
A: retaliatory headbutt, horns 2
a: Berserk, Renounce Religion, Evoke Flight


You were on level 1 of the Abyss.
You worshipped Trog.
Trog was aware of your devotion.
You were not hungry.

You visited 2 branches of the dungeon, and saw 9 of its levels.
You visited the Abyss 1 time.

You collected 424 gold pieces.

Inventory:

Hand Weapons
 a - a +2 whip of venom
 b - a +0 hunting sling
 v - a +0 war axe
 w - a +1 flail of draining
 I - a +3 spear
 J - a +1 flail of protection (weapon)
Missiles
 j - 279 stones (quivered)
 k - 26 sling bullets
Armour
 c - a +0 shield (worn)
 s - a +0 pair of boots of flying (worn)
 z - a +0 chain mail of poison resistance
 F - the +6 chain mail of the Arcane (worn) {rF+}
   (You found it on level 6 of the Dungeon)

   It protects you from fire.
 H - a +0 pair of gloves (worn)
Jewellery
 x - a ring of fire (left hand)
 E - an amulet of guardian spirit (around neck)
Wands
 m - a wand of random effects (35)
 u - a wand of digging (16)
Scrolls
 g - 8 scrolls of identify {unknown}
 l - 2 scrolls of enchant weapon {unknown}
 q - a scroll of immolation
 r - 2 scrolls of remove curse
 t - a scroll of noise {unknown}
 y - 3 scrolls of enchant armour {unknown}
 C - 3 scrolls of teleportation {unknown}
 D - 2 scrolls of magic mapping {unknown}
Potions
 d - a potion of might
 e - 2 potions of haste {unknown}
 h - 5 potions of agility
 i - a potion of mutation {unknown}
 n - 4 potions of heal wounds {unknown}
 p - 2 potions of degeneration {unknown}
 A - 2 potions of lignification {unknown}
 B - a potion of curing {unknown}
Comestibles
 f - 11 rations
 G - a chunk of flesh


   Skills:
 + Level 7.7 Fighting
 - Level 7.1(8.3) Axes
 * Level 6.3(7.8) Maces & Flails
 + Level 3.4 Throwing
 + Level 7.7 Armour
 + Level 7.6 Shields
 + Level 3.3 Evocations


You had 8 spell levels left.
You didn't know any spells.
Your spell library contained the following spells:

 Spells                   Type           Power        Failure   Level  Hunger
 Apportation              Tloc           #.....       100%        1    ##.....
 Summon Small Mammal      Summ           #...         100%        1    ##.....
 Animate Skeleton         Necr           N/A          100%        1    ##.....
 Confusing Touch          Hex            #.....       100%        1    ##.....


Dungeon Overview and Level Annotations

Branches:
Dungeon (8/15)             Temple (1/1) D:6
   Lair: D:8-11

Altars:
Ashenzari
Cheibriados
Dithmenos
Elyvilon
Fedhas
Gozag
Hepliaklqana
Kikubaaqudgha
Makhleb
Nemelex Xobeh
Qazlal
Ru
Trog
Uskayaw
Xom
Yredelemnul
Zin
The Shining One

Annotations:
D:8 Psyche


Innate Abilities, Weirdness & Mutations

You reflexively headbutt those who attack you in melee.
You have a pair of horns on your head.


Message History

* * * LOW HITPOINT WARNING * * *
You hold your ground!
The thrashing horror tramples you but does no damage.
The thrashing horror roars!
The thrashing horror closely misses you.
You block the thrashing horror's attack.
The thrashing horror roars!
The thrashing horror tramples you.
* * * LOW HITPOINT WARNING * * *
You hold your ground!
You block the thrashing horror's attack.
The thrashing horror roars!
The thrashing horror tramples you.
* * * LOW HITPOINT WARNING * * *
You stumble backwards!
The thrashing horror roars!
You block the thrashing horror's attack.
The thrashing horror tramples you but does no damage.
The thrashing horror tramples you.
You die...

#.#..........#....
.#...#.###..#.###.##
............... ... .
.#.......#..#.##.####
..........$.#....####
. #....#..... ... .
#..#........... .
#.##XX######### ##
#...@.......
#####.##.##. .... #
..### ###


You could see 2 thrashing horrors.

Vanquished Creatures
  A hippogriff (D:7)
  A wyvern (D:8)
  Edmund (D:4)
  A water moccasin (D:6)
  2 orc warriors (D:7)
  2 ice beasts
  2 phantoms
  A black bear (D:7)
  2 ogres
  4 sky beasts
  3 centaurs
  2 bullfrogs (D:7)
  Blork the orc (D:4)
  2 scorpions (D:4)
  3 wights (D:7)
  6 crimson imps
  2 orc priests
  A bullfrog skeleton (D:8)
  2 jellies (D:6)
  3 hounds
  2 iguanas
  3 orc wizards (D:7)
  2 worker ants
  Robin (D:4)
  A worker ant zombie (D:8)
  10 adders
  3 gnolls (D:5)
  A shadow imp (D:7)
  2 oozes
  3 worms
  4 dart slugs
  7 leopard geckos
  20 orcs
  6 giant cockroaches
  13 goblins
  13 hobgoblins
  4 jackals (D:6)
  6 kobolds
  2 quokkas
  2 ball pythons
  A ball python skeleton (D:4)
  3 bats (D:3)
  7 frilled lizards
  A jackal skeleton (D:7)
  A jackal zombie (D:6)
  7 rats
  A spectral orc (D:6)
  2 bushes (D:1)
  3 plants (D:1)
173 creatures vanquished.

Vanquished Creatures (others)
  A plant (D:1)
1 creature vanquished.

Grand Total: 174 creatures vanquished

Notes
Turn   | Place    | Note
-------+----------+-------------------------------------------
     0 | D:1      | Hebeh the Minotaur Fighter began the quest for the Orb.
     0 | D:1      | Reached XP level 1. HP: 19/19 MP: 0/0
   108 | D:1      | Reached XP level 2. HP: 26/27 MP: 1/1
   972 | D:2      | Reached XP level 3. HP: 28/33 MP: 2/2
  1595 | D:2      | Reached XP level 4. HP: 39/40 MP: 3/3
  2129 | D:3      | Found a shimmering altar of Xom.
  2472 | D:3      | Found a snail-covered altar of Cheibriados.
  2480 | D:3      | Reached XP level 5. HP: 41/47 MP: 4/4
  2492 | D:3      | Found a sacrificial altar of Ru.
  3175 | D:4      | Noticed a phantom
  3190 | D:4      | Killed a phantom
  3190 | D:4      | Reached skill level 5 in Fighting
  3190 | D:4      | Reached skill level 5 in Axes
  3190 | D:4      | Reached skill level 5 in Armour
  3190 | D:4      | Reached skill level 5 in Shields
  3190 | D:4      | Reached XP level 6. HP: 51/56 MP: 5/5
  3228 | D:4      | Noticed Blork the orc
  3238 | D:4      | Killed Blork the orc
  3380 | D:4      | Noticed Robin
  3401 | D:4      | Killed Robin
  3634 | D:4      | Noticed Edmund
  3644 | D:4      | Killed Edmund
  3644 | D:4      | Reached XP level 7. HP: 59/61 MP: 6/6
  3694 | D:5      | Entered Level 5 of the Dungeon
  3851 | D:5      | Found a hazy altar of Hepliaklqana.
  3877 | D:5      | Found a glowing golden altar of the Shining One.
  4816 | D:6      | Reached skill level 1 in Maces & Flails
  4816 | D:6      | Reached XP level 8. HP: 67/70 MP: 7/7
  4929 | D:6      | Found a basalt altar of Yredelemnul.
  4982 | D:6      | Reached skill level 1 in Evocations
  5016 | D:6      | Reached skill level 1 in Throwing
  5484 | D:6      | Found a staircase to the Ecumenical Temple.
  5610 | Temple   | Entered the Ecumenical Temple
  5742 | Temple   | Became a worshipper of Trog the Wrathful
  6076 | D:6      | Got an ancient chain mail
  6087 | D:6      | Identified the +6 chain mail of the Arcane {rF+} (You found it on level 6 of the Dungeon)
  6486 | D:7      | Noticed a hippogriff
  6493 | D:7      | Killed a hippogriff
  6493 | D:7      | Reached XP level 9. HP: 76/79 MP: 7/9
  6632 | D:7      | Found a shadowy altar of Dithmenos.
  6677 | D:7      | Reached skill level 5 in Maces & Flails
  7089 | D:7      | Reached * piety under Trog
  7368 | D:7      | HP: 4/80 [shadow imp/nerve-wracking pain (5)]
  7739 | D:8      | Noticed Psyche
  7747 | D:8      | Cast into level 1 of the Abyss (Psyche)
  7783 | Abyss:1  | Noticed a thrashing horror
  7799 | Abyss:1  | Noticed a thrashing horror
  7822 | Abyss:1  | HP: 1/80 [thrashing horror (5)]
  7823 | Abyss:1  | Slain by a thrashing horror

Vault maps used:
D:1:      dpeg_arrival_central, serial_forest, infiniplex_forest_end_double,
          infiniplex_forest_end_3, infiniplex_forest_end_2,
          infiniplex_forest_clump_curved, infiniplex_forest_clump_medium,
          infiniplex_forest_end_3, infiniplex_forest_clump_small,
          infiniplex_forest_lined_4_way, infiniplex_forest_straight_3,
          infiniplex_forest_clump_small, minmay_misc_feat_roman
D:2:      first_ration, nicolae_underground_beach
D:3:      xom_butterflies, amethyst_overflow_temple_binary, feat_on_display
D:4:      uniq_edmund, uniq_robin, uniq_blork_the_orc
D:5:      old_standard_altar, kennysheep_mini
D:6:      yredelemnul_forgotten_temple_becter, minmay_temple_entry_statues
D:7:      black_bear_nest_2, kennysheep_mini_moat
D:8:      uniq_psyche
Temple:   regret_index_temple_generic_petals

Skill      XL: |  1  2  3  4  5  6  7  8  9 |
---------------+----------------------------+-----
Fighting       | 4 5 6 7 |  7.7
Armour         | 4 5 6 7 |  7.7
Axes           | 3 4 5 6 7 |  7.1
Shields        | 4 5 6 7 |  7.6
Maces & Flails | 1 4 6 |  6.3
Evocations     | 2 3 |  3.3
Throwing       | 2 3 |  3.4

Action                   |  1- 3 |  4- 6 |  7- 9 || total
-------------------------+-------+-------+-------++-------
Melee: War axe           |   215 |   140 |    72 ||   427
       Headbutt          |    57 |    19 |    66 ||   142
       Whip              |       |       |   257 ||   257
       Flail             |       |       |     6 ||     6
 Fire: Hunting sling     |       |       |     5 ||     5
Throw: Javelin           |       |       |     3 ||     3
Invok: Berserk           |       |       |     1 ||     1
 Abil: Stop Flying       |       |       |     1 ||     1
  Use: Scroll            |       |     4 |       ||     4
  Eat: Chunk             |     3 |     3 |     6 ||    12
       Ration            |       |     1 |     3 ||     4
Armor: Scale mail        |    32 |    54 |    40 ||   126
       Chain mail        |       |       |   145 ||   145
Dodge: Dodged            |    17 |    55 |    78 ||   150
Block: Shield            |    44 |    54 |   191 ||   289

Table legend:
 A = Spawn XP
 B = Non-spawn XP
 C = Spawn XP percentage of total XP
 D = Spawn monster count
 E = Non-spawn monster count
 F = Spawn count percentage of total count
 G = Total turns spent on level
                    A         B        C        D         E        F      G
               +---------+---------+-------+---------+---------+-------+---------
         Total |       0 |    4592 |   0.0 |       0 |     168 |   0.0 |  7823
               +---------+---------+-------+---------+---------+-------+---------
           D:1 |       0 |      34 |   0.0 |       0 |      18 |   0.0 |   967
           D:2 |       0 |      64 |   0.0 |       0 |      18 |   0.0 |   817
           D:3 |       0 |     109 |   0.0 |       0 |      33 |   0.0 |   847
           D:4 |       0 |     559 |   0.0 |       0 |      21 |   0.0 |  1063
           D:5 |       0 |     605 |   0.0 |       0 |      17 |   0.0 |  1116
           D:6 |       0 |     714 |   0.0 |       0 |      16 |   0.0 |  1215
           D:7 |       0 |    1931 |   0.0 |       0 |      37 |   0.0 |  1493
           D:8 |       0 |     576 |   0.0 |       0 |       8 |   0.0 |    77
               +---------+---------+-------+---------+---------+-------+---------
